TOP OF THE 1ST |
Detroit (APP) Tigers batting - Pitching for Burlington Royals : LHP Billy Wessel
|
Pitching: LHP Billy Wessel
|
|
Batting: RHB Kevin Steed
|
0-0: Ball 1-0: Ball 2-0: Ball 3-0: Base on Balls
|
Batting: RHB Alex Duarte
|
0-0: SINGLE (Groundball, 5S, EV 69.4 MPH) (infield hit) Kevin Steed to second
|
Batting: RHB Jamie Villagrana
|
0-0: Ball 1-0: SINGLE (Groundball, 6M, EV 86.9 MPH) (infield hit) Kevin Steed to third Alex Duarte to second
|
Batting: LHB Brad Gaskill
|
0-0: Ball 1-0: Foul Ball, location: 2F 1-1: Hit by Pitch Kevin Steed scores Alex Duarte to third Jamie Villagrana to second
|
Batting: RHB Willie Ochoa
|
0-0: Foul Ball, location: 2F 0-1: Ball 1-1: Foul Ball, location: 2F 1-2: Ball 2-2: Ball 3-2: Base on Balls Alex Duarte scores Jamie Villagrana to third Brad Gaskill to second
|
Batting: RHB Cody Kafer
|
0-0: Called Strike 0-1: Fly out, F9 (Flyball, 9D, EV 101.2 MPH)
|
Batting: RHB John Barton
|
0-0: Foul Ball, location: 2F 0-1: Ball 1-1: Swinging Strike 1-2: Grounds into double play, 6-4-3 (Groundball, 6, EV 81.9 MPH)
|
Top of the 1st over - 2 runs, 2 hits, 0 errors, 2 left on base; Detroit (APP) 2 - Burlington 0 |
BOTTOM OF THE 1ST |
Burlington Royals batting - Pitching for Detroit (APP) Tigers : RHP Danny Whitfield
|
Pitching: RHP Danny Whitfield
|
|
Batting: RHB Kyle Finney
|
0-0: Called Strike 0-1: SINGLE (Line Drive, 6D, EV 96.2 MPH)
|
Batting: RHB John Normand
|
0-0: Ball Kyle Finney steals 2nd base 1-0: Called Strike 1-1: Ball 2-1: SINGLE (Groundball, 6M, EV 98.8 MPH) Kyle Finney to third Runner from 3rd tries for Home, throw by CF and OUT! 8-2
|
Batting: RHB Luis Mendoza
|
0-0: Called Strike John Normand steals 2nd base 0-1: Ball 1-1: Ball 2-1: Called Strike 2-2: Strikes out swinging
|
Batting: RHB Simon Sultzbach
|
0-0: Ball 1-0: Ball 2-0: SINGLE (Line Drive, 7S, EV 104.4 MPH) John Normand to third
|
Batting: RHB Esteban Acuna
|
0-0: Ball 1-0: Ball 2-0: Ball 3-0: Called Strike 3-1: Foul Ball, location: 2F 3-2: Foul Ball, location: 2F 3-2: Strikes out swinging
|
Bottom of the 1st over - 0 runs, 3 hits, 0 errors, 2 left on base; Detroit (APP) 2 - Burlington 0 |
TOP OF THE 2ND |
Detroit (APP) Tigers batting - Pitching for Burlington Royals : LHP Billy Wessel
|
Batting: RHB Peter Jones
|
0-0: Ball 1-0: Called Strike 1-1: SOLO HOME RUN (Flyball, 78XD, EV 103.1 MPH), Distance : 416 ft
|
Batting: RHB Rick Brinkmann
|
0-0: Called Strike 0-1: Fly out, F4 (Popup, 3S, EV 77.5 MPH)
|
Batting: RHB Kevin Steed
|
0-0: Ball 1-0: SOLO HOME RUN (Flyball, 89XD, EV 105.6 MPH), Distance : 404 ft
|
Batting: RHB Alex Duarte
|
0-0: Called Strike 0-1: Ground out 4-3 (Groundball, 4S, EV 86.2 MPH)
|
Batting: RHB Jamie Villagrana
|
0-0: Ball 1-0: Ball 2-0: Called Strike 2-1: Ball 3-1: Foul Ball, location: 2F 3-2: Foul Ball, location: 2F 3-2: Foul Ball, location: 2F 3-2: Strikes out swinging
|
Top of the 2nd over - 2 runs, 2 hits, 0 errors, 0 left on base; Detroit (APP) 4 - Burlington 0 |
BOTTOM OF THE 2ND |
Burlington Royals batting - Pitching for Detroit (APP) Tigers : RHP Danny Whitfield
|
Batting: RHB Leo Lopez
|
0-0: Foul Ball, location: 2F 0-1: Swinging Strike 0-2: SINGLE (Line Drive, 9LM, EV 111.2 MPH)
|
Batting: LHB Javy Rueda
|
0-0: Ball 1-0: Foul Ball, location: 2F 1-1: Called Strike 1-2: Ball 2-2: Foul Ball, location: 2F 2-2: Fielders Choice at 2nd, 4-6 (Groundball, 4, EV 105.0 MPH)
|
Batting: RHB Nick Spriggs
|
0-0: Ball 1-0: Ball 2-0: Foul Ball, location: 2F 2-1: SINGLE (Line Drive, 9S, EV 109.4 MPH) Javy Rueda to second
|
Batting: RHB Danny Jefferies
|
0-0: Called Strike 0-1: Fielders Choice at 2nd, 6-4 (Groundball, 6, EV 86.9 MPH) Javy Rueda to third
|
Batting: RHB Kyle Finney
|
0-0: Ball 1-0: Ball 2-0: Foul Ball, location: 2F 2-1: Ball 3-1: Base on Balls Danny Jefferies to second
|
Batting: RHB John Normand
|
0-0: Foul Ball, location: 2F 0-1: Swinging Strike 0-2: Strikes out swinging
|
Bottom of the 2nd over - 0 runs, 2 hits, 0 errors, 3 left on base; Detroit (APP) 4 - Burlington 0 |
TOP OF THE 3RD |
Detroit (APP) Tigers batting - Pitching for Burlington Royals : LHP Billy Wessel
|
Batting: LHB Brad Gaskill
|
0-0: Ball 1-0: Foul Ball, location: 2F 1-1: Called Strike 1-2: Strikes out swinging
|
Batting: RHB Willie Ochoa
|
0-0: Ground out 6-3 (Groundball, P, EV 86.2 MPH)
|
Batting: RHB Cody Kafer
|
0-0: Ball 1-0: Foul Ball, location: 2F 1-1: Called Strike 1-2: Strikes out swinging
|
Top of the 3rd over - 0 runs, 0 hits, 0 errors, 0 left on base; Detroit (APP) 4 - Burlington 0 |
BOTTOM OF THE 3RD |
Burlington Royals batting - Pitching for Detroit (APP) Tigers : RHP Danny Whitfield
|
Batting: RHB Luis Mendoza
|
0-0: Called Strike 0-1: Ball 1-1: Fly out, F4 (Popup, 13S, EV 87.5 MPH)
|
Batting: RHB Simon Sultzbach
|
0-0: Foul Ball, location: 2F 0-1: Swinging Strike 0-2: Strikes out swinging
|
Batting: RHB Esteban Acuna
|
0-0: Fly out, F7 (Flyball, 78M, EV 94.4 MPH)
|
Bottom of the 3rd over - 0 runs, 0 hits, 0 errors, 0 left on base; Detroit (APP) 4 - Burlington 0 |
TOP OF THE 4TH |
Detroit (APP) Tigers batting - Pitching for Burlington Royals : LHP Billy Wessel
|
Batting: RHB John Barton
|
0-0: Foul Ball, location: 2F 0-1: Ball 1-1: Ball 2-1: Ball 3-1: Foul Ball, location: 2F 3-2: Base on Balls
|
Batting: RHB Peter Jones
|
0-0: Foul Ball, location: 2F 0-1: Called Strike 0-2: Foul Ball, location: 2F 0-2: Strikes out swinging
|
Batting: RHB Rick Brinkmann
|
0-0: Called Strike 0-1: Ball 1-1: SINGLE (Groundball, 4, EV 96.2 MPH) John Barton to second
|
Batting: RHB Kevin Steed
|
0-0: Called Strike 0-1: Swinging Strike 0-2: Ball 1-2: Reached on error, E1 (Groundball, 13S, EV 76.9 MPH) John Barton to third Rick Brinkmann to second
|
Batting: RHB Alex Duarte
|
0-0: Fielders Choice at 2nd, 4-6 (Groundball, 4, EV 86.9 MPH) John Barton scores Rick Brinkmann to third
|
Batting: RHB Jamie Villagrana
|
0-0: Foul Ball, location: 2F 0-1: Ball 1-1: Fielders Choice at 2nd, 5-4 (Groundball, 5, EV 76.2 MPH)
|
Top of the 4th over - 1 run, 1 hit, 1 error, 2 left on base; Detroit (APP) 5 - Burlington 0 |
BOTTOM OF THE 4TH |
Burlington Royals batting - Pitching for Detroit (APP) Tigers : RHP Danny Whitfield
|
Batting: RHB Leo Lopez
|
0-0: Ball 1-0: Foul Ball, location: 2F 1-1: Ball 2-1: Fly out, F9 (Flyball, 9S, EV 95.0 MPH)
|
Batting: LHB Javy Rueda
|
0-0: Reached on error, E8 (Flyball, 8LD, EV 104.4 MPH)
|
Batting: RHB Nick Spriggs
|
0-0: Ball 1-0: 2-RUN HOME RUN (Flyball, 89XD, EV 105.0 MPH), Distance : 393 ft
|
Batting: RHB Danny Jefferies
|
0-0: Fly out, F8 (Flyball, 78M, EV 98.8 MPH)
|
Batting: RHB Kyle Finney
|
0-0: Ball 1-0: Foul Ball, location: 2F 1-1: Called Strike 1-2: Strikes out swinging
|
Bottom of the 4th over - 2 runs, 1 hit, 1 error, 0 left on base; Detroit (APP) 5 - Burlington 2 |
TOP OF THE 5TH |
Detroit (APP) Tigers batting - Pitching for Burlington Royals : LHP Billy Wessel
|
Batting: LHB Brad Gaskill
|
0-0: Ball 1-0: Ball 2-0: Ball 3-0: Called Strike 3-1: Foul Ball, location: 2F 3-2: Base on Balls
|
Batting: RHB Willie Ochoa
|
0-0: Ball 1-0: Ball 2-0: Ball 3-0: Called Strike 3-1: Base on Balls Brad Gaskill to second
|
Pitching: LHP Omar Nogueira
|
|
Batting: RHB Cody Kafer
|
0-0: Ball 1-0: Swinging Strike 1-1: Swinging Strike 1-2: Foul Ball, location: 2F 1-2: Foul Ball, location: 2F 1-2: Strikes out swinging
|
Batting: RHB John Barton
|
0-0: Ball 1-0: Ball 2-0: Ball 3-0: Called Strike 3-1: Base on Balls Brad Gaskill to third Willie Ochoa to second
|
Batting: RHB Peter Jones
|
0-0: Called Strike 0-1: Grounds into double play, 4-6-3 (Groundball, 4S, EV 84.4 MPH)
|
Top of the 5th over - 0 runs, 0 hits, 0 errors, 2 left on base; Detroit (APP) 5 - Burlington 2 |
BOTTOM OF THE 5TH |
Burlington Royals batting - Pitching for Detroit (APP) Tigers : RHP Danny Whitfield
|
Batting: RHB John Normand
|
0-0: Swinging Strike 0-1: Foul Ball, location: 2F 0-2: Ball 1-2: Fly out, F9 (Flyball, 9, EV 83.8 MPH)
|
Batting: RHB Luis Mendoza
|
0-0: Ground out 4-3 (Groundball, P, EV 93.1 MPH)
|
Batting: RHB Simon Sultzbach
|
0-0: Ball 1-0: Called Strike 1-1: Called Strike 1-2: Strikes out swinging
|
Bottom of the 5th over - 0 runs, 0 hits, 0 errors, 0 left on base; Detroit (APP) 5 - Burlington 2 |
TOP OF THE 6TH |
Detroit (APP) Tigers batting - Pitching for Burlington Royals : LHP Omar Nogueira
|
Batting: RHB Rick Brinkmann
|
0-0: Ground out U3 (Groundball, 3, EV 86.9 MPH)
|
Batting: RHB Kevin Steed
|
0-0: Ball 1-0: Called Strike 1-1: SOLO HOME RUN (Flyball, 9LD, EV 95.0 MPH), Distance : 347 ft
|
Batting: RHB Alex Duarte
|
0-0: Ball 1-0: Called Strike 1-1: Swinging Strike 1-2: Strikes out swinging
|
Batting: RHB Jamie Villagrana
|
0-0: Ball 1-0: Ball 2-0: Foul Ball, location: 2F 2-1: Foul Ball, location: 2F 2-2: Strikes out looking
|
Top of the 6th over - 1 run, 1 hit, 0 errors, 0 left on base; Detroit (APP) 6 - Burlington 2 |
BOTTOM OF THE 6TH |
Burlington Royals batting - Pitching for Detroit (APP) Tigers : RHP Danny Whitfield
|
Batting: RHB Esteban Acuna
|
0-0: Ball 1-0: Fly out, F7 (Line Drive, 7, EV 86.9 MPH)
|
Batting: RHB Leo Lopez
|
0-0: Called Strike 0-1: Ball 1-1: Ball 2-1: Fly out, F8 (Flyball, 8LM, EV 94.4 MPH)
|
Batting: LHB Javy Rueda
|
0-0: SINGLE (Groundball, 34D, EV 98.1 MPH)
|
Pitching: RHP Victor Altagracia
|
|
Batting: RHB Nick Spriggs
|
0-0: Swinging Strike 0-1: Swinging Strike 0-2: Ball 1-2: Ball 2-2: Foul Ball, location: 2F 2-2: Strikes out looking
|
Bottom of the 6th over - 0 runs, 1 hit, 0 errors, 1 left on base; Detroit (APP) 6 - Burlington 2 |
TOP OF THE 7TH |
Detroit (APP) Tigers batting - Pitching for Burlington Royals : LHP Omar Nogueira
|
Batting: LHB Brad Gaskill
|
0-0: Called Strike 0-1: Ball 1-1: Ball 2-1: Foul Ball, location: 2F 2-2: Ball 3-2: SOLO HOME RUN (Line Drive, 89XD, EV 103.8 MPH), Distance : 413 ft
|
Pitching: RHP David Bialas
|
|
Batting: RHB Willie Ochoa
|
0-0: Ball 1-0: Ball 2-0: Foul Ball, location: 2F 2-1: Ground out 6-3 (Groundball, 6S, EV 83.8 MPH)
|
Batting: RHB Cody Kafer
|
0-0: Swinging Strike 0-1: Ball 1-1: Swinging Strike 1-2: Fly out, F2 (Popup, 23F, EV 92.5 MPH)
|
Batting: RHB John Barton
|
0-0: Ball 1-0: Ground out 5-3 (Groundball, 5L, EV 86.2 MPH)
|
Top of the 7th over - 1 run, 1 hit, 0 errors, 0 left on base; Detroit (APP) 7 - Burlington 2 |
BOTTOM OF THE 7TH |
Burlington Royals batting - Pitching for Detroit (APP) Tigers : RHP Victor Altagracia
|
Pinch Hitting: SHB Gary Woodroffe
|
0-0: Called Strike 0-1: Ball 1-1: Ground out U3 (Groundball, 34S, EV 85.6 MPH)
|
Batting: RHB Kyle Finney
|
0-0: Fly out, F7 (Line Drive, 78M, EV 92.5 MPH)
|
Batting: RHB John Normand
|
0-0: Fly out, F8 (Flyball, 8RM, EV 95.6 MPH)
|
Bottom of the 7th over - 0 runs, 0 hits, 0 errors, 0 left on base; Detroit (APP) 7 - Burlington 2 |
TOP OF THE 8TH |
Detroit (APP) Tigers batting - Pitching for Burlington Royals : RHP David Bialas
|
Now in RF: Matt Weddle
|
|
Batting: RHB Peter Jones
|
0-0: Called Strike 0-1: Foul Ball, location: 2F 0-2: Foul Ball, location: 2F 0-2: Foul Ball, location: 2F 0-2: Strikes out swinging, 2-3 out at first.
|
Batting: RHB Rick Brinkmann
|
0-0: Ball 1-0: Ball 2-0: Called Strike 2-1: Called Strike 2-2: Strikes out swinging
|
Batting: RHB Kevin Steed
|
0-0: Ball 1-0: Ball 2-0: Ball 3-0: Base on Balls
|
Pitching: LHP David Wright
|
|
Batting: RHB Alex Duarte
|
0-0: Called Strike 0-1: Ball 1-1: Ball 2-1: Called Strike 2-2: Ball 3-2: Base on Balls Kevin Steed to second
|
Batting: RHB Jamie Villagrana
|
0-0: Ball 1-0: Ball 2-0: Ball 3-0: Base on Balls Kevin Steed to third Alex Duarte to second
|
Batting: LHB Brad Gaskill
|
0-0: Foul Ball, location: 2F 0-1: Ball 1-1: Foul Ball, location: 2F 1-2: Ball 2-2: Fly out, F7 (Flyball, 78M, EV 98.1 MPH)
|
Top of the 8th over - 0 runs, 0 hits, 0 errors, 3 left on base; Detroit (APP) 7 - Burlington 2 |
BOTTOM OF THE 8TH |
Burlington Royals batting - Pitching for Detroit (APP) Tigers : RHP Victor Altagracia
|
Batting: RHB Luis Mendoza
|
0-0: Ball 1-0: Swinging Strike 1-1: Ball 2-1: Foul Ball, location: 2F 2-2: Ball 3-2: DOUBLE (Line Drive, 89D, EV 108.8 MPH)
|
Batting: RHB Simon Sultzbach
|
0-0: Swinging Strike 0-1: Ball 1-1: Ball 2-1: Ball 3-1: Fly out, F7 (Line Drive, 7S, EV 96.9 MPH)
|
Pitching: RHP Alvaro Patino
|
|
Pinch Hitting: RHB Josh Massey
|
0-0: Foul Ball, location: 2F 0-1: Swinging Strike 0-2: Foul Ball, location: 2F 0-2: Strikes out swinging
|
Batting: RHB Leo Lopez
|
0-0: Called Strike 0-1: Ground out 4-3 (Groundball, 34, EV 100.6 MPH)
|
Bottom of the 8th over - 0 runs, 1 hit, 0 errors, 1 left on base; Detroit (APP) 7 - Burlington 2 |
TOP OF THE 9TH |
Detroit (APP) Tigers batting - Pitching for Burlington Royals : LHP David Wright
|
Now at 2B: Josh Massey
|
|
Batting: RHB Willie Ochoa
|
0-0: Ball 1-0: Ball 2-0: Swinging Strike 2-1: Called Strike 2-2: Foul Ball, location: 2F 2-2: Foul Ball, location: 2F 2-2: Ball 3-2: Base on Balls
|
Pitching: RHP Ramiro Castillo
|
|
Batting: RHB Cody Kafer
|
0-0: Ball 1-0: Called Strike 1-1: Ball 2-1: Ball 3-1: Base on Balls Willie Ochoa to second
|
Batting: RHB John Barton
|
0-0: Foul Ball, location: 2F 0-1: Ball 1-1: Ball 2-1: Ball 3-1: Foul Ball, location: 2F 3-2: Grounds into double play, 6-4-3 (Groundball, 6, EV 86.2 MPH) Willie Ochoa to third
|
Batting: RHB Peter Jones
|
0-0: Swinging Strike 0-1: Foul Ball, location: 2F 0-2: Foul Ball, location: 2F 0-2: Foul Ball, location: 2F 0-2: Foul Ball, location: 2F 0-2: Reached on error, E6 (Groundball, 6, EV 100.6 MPH) Willie Ochoa scores
|
Pinch Hitting: SHB Eisse Wijnja
|
0-0: DOUBLE (Line Drive, 89M, EV 108.1 MPH) Peter Jones to third Runner from 3rd tries for Home, SAFE, no throw by RF
|
Pitching: RHP Ryan Robbins
|
|
Pinch Hitting: SHB Franklin Garza
|
0-0: 2-RUN HOME RUN (Flyball, 9D, EV 95.0 MPH), Distance : 377 ft
|
Batting: RHB Alex Duarte
|
0-0: Called Strike 0-1: Ball 1-1: Fly out, F8 (Line Drive, 89M, EV 93.8 MPH)
|
Top of the 9th over - 4 runs, 2 hits, 1 error, 0 left on base; Detroit (APP) 11 - Burlington 2 |
BOTTOM OF THE 9TH |
Burlington Royals batting - Pitching for Detroit (APP) Tigers : RHP Alvaro Patino
|
Now at C: Tony Murray
|
|
Now at 1B: Eisse Wijnja
|
|
Batting: LHB Javy Rueda
|
0-0: Ball 1-0: Fly out, F8 (Flyball, 78D, EV 100.0 MPH)
|
Pinch Hitting: RHB Chris Stec
|
0-0: Called Strike 0-1: Ball 1-1: Foul Ball, location: 2F 1-2: Hit by Pitch
|
Batting: RHB Matt Weddle
|
0-0: Ball 1-0: Foul Ball, location: 2F 1-1: Ball 2-1: Ball 3-1: Foul Ball, location: 2F 3-2: Foul Ball, location: 2F 3-2: Strikes out swinging
|
Batting: RHB Jimmy Black
|
0-0: Fielders Choice at 2nd, 6-4 (Groundball, 6, EV 102.5 MPH)
|
Bottom of the 9th over - 0 runs, 0 hits, 0 errors, 1 left on base; Detroit (APP) 11 - Burlington 2 |
|